 Dungeon Crawl Stone Soup version 0.20.0-15-g7f486f2 (webtiles) character file.

33 miragecloak the Changer (level 3, 0/23 HPs)
             Began as an Octopode Transmuter on June 9, 2017.
             Slain by an adder (4 damage)
             ... on level 2 of the Dungeon.
             The game lasted 00:01:09 (1286 turns).

miragecloak the Changer (Octopode Transmuter)       Turns: 1286, Time: 00:01:09

Health: 0/23       AC:  1    Str:  9    XL:     3   Next: 29%
Magic:  2/6        EV: 13    Int: 15    God:
Gold:   23         SH:  0    Dex: 13    Spells: 2/6 levels left

rFire    . . .     SeeInvis .     - Unarmed
rCold    . . .     Gourm    .   (no shield)
rNeg     . . .     Faith    .   (helmet restricted)
rPois    .         Spirit   .   (no amulet)
rElec    .         Reflect  .   (no ring)
rCorr    .         Harm     .   (no ring)
MR       .....                  (no ring)
Stlth    ++........             (no ring)
Regen    0.1/turn               (no ring)
MPRegen  0.1/turn               (no ring)
                                (no ring)
                                (no ring)

@: lethally poisoned (0 -> -14), very slightly contaminated
A: almost no armour, stealthy swim, amphibious, 8 rings, constrict 8, camouflage
1, gelatinous body 1
a: no special abilities


You were on level 2 of the Dungeon.
You were very hungry.

You visited 1 branch of the dungeon, and saw 2 of its levels.

You collected 23 gold pieces.

Inventory:

Missiles
 a - 31 arrows
Scrolls
 e - a scroll of noise {unknown}
 g - 2 scrolls of magic mapping {unknown}
 h - a scroll of remove curse {unknown}
Potions
 d - a potion of ambrosia {unknown}
 f - a potion of berserk rage {unknown}
 j - a potion of degeneration {unknown}
Books
 b - a book of Changes

   Spells                             Type                      Level
   a - Beastly Appendage              Transmutation                1
   b - Sticks to Snakes               Transmutation                2
   c - Spider Form                    Transmutation/Poison         3
   d - Ice Form                       Ice/Transmutation            4
   e - Blade Hands                    Transmutation                5
Comestibles
 c - a bread ration
 i - a meat ration


   Skills:
 - Level 1.0 Fighting
 - Level 2.0 Dodging
 - Level 3.0 Unarmed Combat
 - Level 2.0 Spellcasting
 + Level 3.5 Transmutations
 * Level 0.5 Poison Magic


You had 2 spell levels left.
You knew the following spells:

 Your Spells              Type           Power        Failure   Level  Hunger
a - Beastly Appendage     Tmut           ##....       5%          1    #......
b - Spider Form           Tmut/Pois      #.........   28%         3    ###....


Dungeon Overview and Level Annotations

Branches:
Dungeon (2/15)

Altars:


Innate Abilities, Weirdness & Mutations

You cannot wear most types of armour.
You are very stealthy in the water. (Stealth+)
You are amphibious.
You can wear up to eight rings at the same time.
You can use your tentacles to constrict eight enemies at once.
Your skin changes colour to match your surroundings (Stealth+).
Your rubbery body absorbs attacks. (AC +1, EV +1)


Message History

You are lethally poisoned!
The adder poisons you! The bat hits you.
Casting: Spider Form
Confirm with . or Enter, or press ? or * to list all spells.
You don't have enough magic to cast that spell.
You tentacle-slap the adder.
The adder is severely wounded.
You constrict the adder.
You feel sick. The bat hits you but does no damage. The adder bites you.
* * * LOW HITPOINT WARNING * * *
The adder bites you.
* * * LOW HITPOINT WARNING * * *
You are more poisoned.
The adder poisons you!
You tentacle-slap the adder but do no damage.
The adder is almost dead.
You constrict the adder.
* * * LOW HITPOINT WARNING * * *
You feel sick. The adder bites you.
You die...

#........#.####.#
#........#.# .#
#........#.. #
##........### .
#.........# #####....
#...####..###
...........#...# ...
#####........†.#####.#
.....
......).b@S...##.###
#####
.....######.........
.... ##.##..!... ###
#...# ..... #...# ....
#...# ... #...# ..
#...# # #...#


You could see an adder and a bat.

Vanquished Creatures
  2 bats (D:1)
  2 giant cockroaches
  2 goblins (D:2)
  6 hobgoblins
  2 jackals (D:2)
  4 kobolds
  A ball python (D:2)
  8 frilled lizards
  6 rats
33 creatures vanquished.

Notes
Turn   | Place    | Note
-------+----------+-------------------------------------------
     0 | D:1      | miragecloak the Octopode Transmuter began the quest for the Orb.
     0 | D:1      | Reached XP level 1. HP: 13/13 MP: 3/3
   282 | D:1      | Reached XP level 2. HP: 11/18 MP: 3/5
   741 | D:1      | You fall through a shaft!
  1014 | D:2      | Reached XP level 3. HP: 20/23 MP: 4/6
  1019 | D:2      | Learned a level 3 spell: Spider Form
  1286 | D:2      | Slain by an adder

Skill      XL: |  1  2 |
---------------+-------+-----
Transmutations | 3 |  3.5
Fighting       | |  1.0
Dodging        | |  2.0
Unarmed Combat | |  3.0
Spellcasting   | |  2.0
Poison Magic   | |  0.5

Action                   || total
-------------------------++-------
Melee: Unarmed           ||    66
       Constrict         ||    19
       Kick              ||    11
       Tentacles         ||     3
       Punch             ||     2
 Cast: Beastly Appendage ||    16
       Spider Form       ||     3
 Stab: Sleeping          ||     3
  Eat: Chunk             ||     1
Armor: Skin              ||     4
Dodge: Dodged            ||    33
